 Dungeon Crawl Stone Soup version 0.22-a0-433-gd2a9cce0b5 (webtiles) character file.

375 Ordine the Slasher (level 6, -22/37 HPs)
             Began as a Tengu Fighter on May 27, 2018.
             Annihilated by an ogre
             ... wielding a +0 giant club
              (24 damage)
             ... on level 4 of the Dungeon.
             The game lasted 00:08:48 (3393 turns).

Ordine the Slasher (Tengu Fighter)                  Turns: 3393, Time: 00:08:49

Health: -22/37     AC:  6    Str: 16    XL:     6   Next: 73%
Magic:  7/7        EV:  7    Int: 10    God:
Gold:   413        SH:  0    Dex: 14    Spells: 5/5 levels left

rFire    . . .     SeeInvis .   a - +1 long sword
rCold    . . .     Gourm    .   c - +0 shield
rNeg     . . .     Faith    .   b - +0 scale mail
rPois    .         Spirit   .   (helmet restricted)
rElec    .         Reflect  .   (no cloak)
rCorr    .         Harm     .   (no gloves)
MR       .....                  (boots unavailable)
Stlth    ..........             (no amulet)
HPRegen  0.12/turn              (no ring)
MPRegen  0.10/turn              (no ring)

@: confused
A: beak, talons 3, able to fly 1
a: Fly


You were on level 4 of the Dungeon.
You were not hungry.

You visited 1 branch of the dungeon, and saw 4 of its levels.
You also visited: Ossuary.

You collected 413 gold pieces.

Inventory:

Hand Weapons
 a - a +1 long sword (weapon)
 i - a +1 dagger of speed
Armour
 b - a +0 scale mail (worn)
 c - a +0 shield (worn)
Scrolls
 l - a scroll of teleportation
 n - 2 scrolls of enchant weapon
Potions
 h - a potion of flight
 j - a potion of magic
 m - a potion of haste
Comestibles
 d - 2 chunks of flesh
 f - 6 rations


   Skills:
 - Level 3.0 Fighting
 * Level 6.3 Long Blades
 - Level 3.2 Armour
 + Level 4.8 Shields


You had 5 spell levels left.
You didn't know any spells.
Your spell library was empty.

Dungeon Overview and Level Annotations

Branches:
Dungeon (4/15)
 Temple: D:4-7

Altars:
Fedhas
The Shining One


Innate Abilities, Weirdness & Mutations

You have a beak for a mouth.
You have claws for feet.
You can fly.


Message History

The ogre hits you with a giant spiked club!!
Ouch! That really hurt!
The orc wizard mumbles some strange words.
The orc wizard flickers and vanishes!
Deactivating autopickup; reactivate with Ctrl-A.
In your confused state, you trip and fall back down the stairs.
The ogre barely misses you. The ogre closely misses you.
Unknown command.
Unknown command.
Unknown command.
The ogre hits you with a giant club!
* * * LOW HITPOINT WARNING * * *
Something hits you.
* * * LOW HITPOINT WARNING * * *
The ogre hits you but does no damage.
In your confused state, you trip and fall back down the stairs.
* * * LOW HITPOINT WARNING * * *
The ogre hits you with a giant club!!
Ouch! That really hurt!
You die...

####.....# #........#
#.#####..# #.#...#..#
#.#...#..#######
##.#.).#.........
#..##'##........(
####O...............
#.O@................
......######............
....# #............ ...
#o........... .
######O...........
#...##.#..........
..###.#....###########
......Oo####
.........a.#


You could see 2 ogres.

Vanquished Creatures
  A centaur zombie (Ossuary)
  2 orc wizards (D:3)
  An orc priest (D:2)
  A worker ant (D:4)
  3 big kobold zombies (Ossuary)
  2 mummies (Ossuary)
  2 adders
  2 worms (D:2)
  3 dart slugs
  3 leopard geckos
  16 orcs
  9 bats
  6 giant cockroaches
  4 gnoll zombies (Ossuary)
  10 goblins
  12 hobgoblins
  4 jackals (D:3)
  5 kobolds
  2 ball pythons
  2 frilled lizards (D:3)
  A goblin zombie (Ossuary)
  3 hobgoblin zombies (Ossuary)
  2 orc zombies (Ossuary)
  9 rats
105 creatures vanquished.

Notes
Turn   | Place    | Note
-------+----------+-------------------------------------------
     0 | D:1      | Ordine the Tengu Fighter began the quest for the Orb.
     0 | D:1      | Reached XP level 1. HP: 14/14 MP: 2/2
    27 | D:1      | Reached XP level 2. HP: 13/19 MP: 3/3
    82 | D:1      | Reached skill level 3 in Long Blades
   303 | D:1      | Reached XP level 3. HP: 19/23 MP: 4/4
   915 | D:2      | Reached XP level 4. HP: 25/28 MP: 5/5
  1017 | D:2      | Reached skill level 4 in Long Blades
  1952 | D:3      | Gained mutation: You can fly. [Tengu growth]
  1952 | D:3      | Reached XP level 5. HP: 25/32 MP: 6/6
  2163 | D:3      | Reached skill level 5 in Long Blades
  2200 | D:3      | Found a glowing golden altar of the Shining One.
  2399 | D:3      | Found a blossoming altar of Fedhas.
  2742 | D:4      | Found a sand-covered staircase.
  2747 | Ossuary  | Entered an ossuary
  2772 | Ossuary  | Reached XP level 6. HP: 23/37 MP: 7/7
  2816 | Ossuary  | Reached skill level 6 in Long Blades
  3393 | D:4      | Annihilated by an ogre

Vault maps used:
D:1:      lightli_molten_gateway
D:3:      tso_metal_star, fedhas_altar_2
D:4:      enter_ossuary_2, first_ration, nicolae_ru_great_annihilating_truth
Ossuary:  minmay_ossuary_gauntlet

Skill      XL: |  1  2  3  4  5  6 |
---------------+-------------------+-----
Long Blades    | 3 4 5 6 |  6.3
Shields        | 4 |  4.8
Fighting       | |  3.0
Armour         | |  3.2

Action                   |  1- 3 |  4- 6 || total
-------------------------+-------+-------++-------
Melee: Long sword        |    66 |   137 ||   203
       Kick              |    17 |    44 ||    61
       Peck              |    11 |    25 ||    36
  Use: Scroll            |       |     9 ||     9
       Potion            |       |     3 ||     3
  Eat: Chunk             |       |     8 ||     8
Armor: Scale mail        |    25 |    51 ||    76
       Skin              |       |     6 ||     6
Dodge: Dodged            |    16 |    45 ||    61
Block: Shield            |    30 |    60 ||    90
       Rpst.: Long sword |     6 |    13 ||    19

Table legend:
 A = Spawn XP
 B = Non-spawn XP
 C = Spawn XP percentage of total XP
 D = Spawn monster count
 E = Non-spawn monster count
 F = Spawn count percentage of total count
 G = Total turns spent on level
                    A         B        C        D         E        F      G
               +---------+---------+-------+---------+---------+-------+---------
         Total |       0 |     537 |   0.0 |       0 |     105 |   0.0 |  3393
               +---------+---------+-------+---------+---------+-------+---------
           D:1 |       0 |      40 |   0.0 |       0 |      21 |   0.0 |   752
           D:2 |       0 |     109 |   0.0 |       0 |      27 |   0.0 |  1106
           D:3 |       0 |     173 |   0.0 |       0 |      39 |   0.0 |  1096
           D:4 |       0 |      41 |   0.0 |       0 |       2 |   0.0 |   247
       Ossuary |       0 |     174 |   0.0 |       0 |      16 |   0.0 |   192
               +---------+---------+-------+---------+---------+-------+---------
